 Dungeon Sprint DCSS version 0.22.1-2-g9c5b331 (webtiles) character file.

21 diana the Chopper (level 2, -1/24 HPs)
             Began as a Demonspawn Gladiator on Dec 15, 2018.
             Was a Follower of Qazlal.
             Slain by an ufetubus (2 damage)
             ... in the Dungeon (Sprint VII: "The Pits").
             The game lasted 00:00:42 (221 turns).

diana the Chopper (Demonspawn Gladiator)             Turns: 221, Time: 00:00:43

Health: -1/24      AC:  4    Str: 14    XL:     2   Next: 62%
Magic:  0/2        EV: 13    Int:  9    God:    Qazlal [*.....]
Gold:   0          SH:  1    Dex: 14    Spells: 1/1 levels left

rFire    . . .     SeeInvis .   a - +0 war axe
rCold    . . .     Gourm    .   (no shield)
rNeg     . . .     Faith    .   b - +0 leather armour
rPois    .         Spirit   +   c - +0 helmet
rElec    .         Reflect  .   (no cloak)
rCorr    .         Harm     .   (no gloves)
MR       .....     NoTele   +   (no boots)
Stlth    +.........             (no amulet)
HPRegen  0.08/turn              (no ring)
MPRegen  0.08/turn              (no ring)

@: no status effects
A: magic shield
a: Renounce Religion


You were in the Dungeon.
You worshipped Qazlal.
Qazlal was aware of your devotion.
You were not hungry.

You visited 1 branch

Inventory:

Hand Weapons
 a - a +0 war axe (weapon)
 l - a +2 hand axe
Missiles
 d - 3 throwing nets (quivered)
Armour
 b - a +0 leather armour (worn)
 c - a +0 helmet (worn)
Scrolls
 k - a scroll of blinking
 n - 3 scrolls of remove curse
 o - 5 scrolls of amnesia
 p - a scroll of summoning
Potions
 e - a potion of curing
 g - a potion of heal wounds
 h - a potion of haste
 i - 4 potions of magic
 j - 3 potions of berserk rage
 m - 2 potions of invisibility
Comestibles
 f - 9 rations


   Skills:
 + Level 3.0 Fighting
 * Level 4.1 Axes
 - Level 1.7 Throwing
 + Level 1.9 Armour
 + Level 3.4 Dodging


You had one spell level left.
You didn't know any spells.
Your spell library was empty.

Dungeon Overview and Level Annotations

Branches:
Dungeon (1/1)

Altars:
Ashenzari
Cheibriados
Dithmenos
Elyvilon
Fedhas
Gozag
Hepliaklqana
Kikubaaqudgha
Makhleb
Nemelex Xobeh
Okawaru
Qazlal
Ru
Sif Muna
Trog
Uskayaw
Vehumet
Wu Jian
Xom
Yredelemnul
Zin
The Shining One
Beogh
Jiyva
Lugonu


Innate Abilities, Weirdness & Mutations

When hurt, damage is shared between your health and your magic reserves.


Message History

The ufetubus barely misses you. The ufetubus hits you.
You miss the ufetubus.
The ufetubus is moderately wounded.
The ufetubus hits you. The ufetubus barely misses you. The ufetubus hits you.
* * * LOW HITPOINT WARNING * * *
The ufetubus closely misses you.
You hit the ufetubus.
You kill the ufetubus!
Qazlal accepts your kill.
You are surrounded by a storm.
Your Fighting skill increases to level 3!
Your Axes skill increases to level 4!
The ufetubus hits you but does no damage. x2
You barely miss the ufetubus.
The ufetubus is heavily wounded.
The ufetubus hits you.
* * * LOW HITPOINT WARNING * * *
You block the ufetubus's attack. The ufetubus hits you.
* * * LOW HITPOINT WARNING * * *
The ufetubus hits you.
You die...

############
#_________.#
#_________.#
#_______...###########
##########'##.........
#.?(.')))'.##......#..
##########.##.........
#....@5Z....'.........
#+#####'#####......#..
#.†# #.........
#..'..# ####'#####
#..#### #.......# #..
#.......# #. #.......#
## #...<...# #.......#


You could see an ufetubus and an adder skeleton.

Vanquished Creatures
  A river rat (D)
  An ufetubus (D)
  An adder zombie (D)
  An orc (D)
4 creatures vanquished.

Notes
Turn   | Place    | Note
-------+----------+-------------------------------------------
     0 | D        | diana the Demonspawn Gladiator began the quest for the Orb.
     0 | D        | Reached XP level 1. HP: 16/16 MP: 1/1
    21 | D        | Reached skill level 3 in Axes
    21 | D        | Reached skill level 1 in Armour
   191 | D        | Found a glowing golden altar of the Shining One.
   191 | D        | Found a glowing silver altar of Zin.
   191 | D        | Found a basalt altar of Yredelemnul.
   191 | D        | Found a shimmering altar of Xom.
   191 | D        | Found an ornate altar of the Wu Jian Council.
   191 | D        | Found a bloodstained altar of Trog.
   191 | D        | Found a deep blue altar of Sif Muna.
   191 | D        | Found a sacrificial altar of Ru.
   191 | D        | Found a stormy altar of Qazlal.
   191 | D        | Found an iron altar of Okawaru.
   191 | D        | Found a sparkling altar of Nemelex Xobeh.
   191 | D        | Found a burning altar of Makhleb.
   191 | D        | Found a viscous altar of Jiyva.
   191 | D        | Found a hazy altar of Hepliaklqana.
   191 | D        | Found an opulent altar of Gozag.
   191 | D        | Found a blossoming altar of Fedhas.
   191 | D        | Found a white marble altar of Elyvilon.
   191 | D        | Found a shadowy altar of Dithmenos.
   191 | D        | Found a snail-covered altar of Cheibriados.
   192 | D        | Found a radiant altar of Vehumet.
   192 | D        | Found a corrupted altar of Lugonu.
   192 | D        | Found a roughly hewn altar of Beogh.
   193 | D        | Found an ancient bone altar of Kikubaaqudgha.
   193 | D        | Found a hide-covered altar of Uskayaw.
   193 | D        | Found a shattered altar of Ashenzari.
   196 | D        | Became a worshipper of Qazlal Stormbringer
   209 | D        | Gained mutation: When hurt, damage is shared between your
                  | health and your magic reserves. [demonic ancestry]
   209 | D        | Reached XP level 2. HP: 23/23 MP: 2/2
   220 | D        | Reached * piety under Qazlal
   220 | D        | Reached skill level 4 in Axes
   221 | D        | HP: 1/24 [ufetubus (3)]
   221 | D        | Slain by an ufetubus

Skill      XL: |  1  2 |
---------------+-------+-----
Axes           | 3 4 |  4.1
Armour         | 1 |  1.9
Dodging        | 3 |  3.4
Fighting       | 3 |  3.0
Throwing       | |  1.7

Action                   || total
-------------------------++-------
Melee: War axe           ||    22
Armor: Leather armour    ||    12
Dodge: Dodged            ||    32
Block: Other             ||     1
